 Dungeon Sprint DCSS version 0.14-a0-586-g2535b90 (webtiles) character file.

37 MDvedh the Gusty (level 3, -3/29 HPs)
             Began as a Djinni Air Elementalist on Nov 3, 2013.
             Was a Follower of Vehumet.
             Slain by a sky beast (5 damage)
             ... in the Dungeon (Sprint IX: "|||||||||||||||||||||||||||||").
             The game lasted 00:01:52 (253 turns).

MDvedh the Gusty (Djinni Air Elementalist)           Turns: 253, Time: 00:01:53

HP  -3/29        AC 13     Str  8      XL: 3   Next: 23%
MP   0/0         EV 12     Int 16      God: Vehumet [*.....]
Gold 0           SH  0     Dex 13      Spells:  2 memorised,  7 levels left

Res.Fire  : + + +   See Invis. : .   m - +2 morningstar (protect)
Res.Cold  : x . .   Warding    : .   a - +0 robe
Life Prot.: + + +   Conserve   : .   (no shield)
Res.Poison: .       Res.Corr.  : .   o - +0 helmet
Res.Elec. : .       Clarity    : .   n - +0 cloak
Sust.Abil.: . .     Spirit.Shd : .   (no gloves)
Res.Mut.  : .       Prev.Telep.: +   (boots unavailable)
Res.Rott. : .       Flight     : +   (no amulet)
Saprovore : . . .                    q - +2 ring of protection
                                     p - +2 ring of protection

@: flying, not resistant to hostile enchantments, fairly stealthy
A: fire immunity, cold vulnerability, life protection 3
a: Renounce Religion


You were in the Dungeon.
You worshipped Vehumet.
Vehumet was aware of your devotion.
You were not hungry.

You visited 1 branch

Inventory:

Hand weapons
 m - a +2,+2 morningstar of protection (weapon)
Armour
 a - a +0 robe (worn)
 n - a +0 cloak (worn)
 o - a +0 helmet (worn)
Magical devices
 l - a wand of cold (7)
Scrolls
 i - 2 scrolls of blinking
 j - 3 scrolls of remove curse
 k - 2 scrolls of amnesia
Jewellery
 p - a +2 ring of protection (left hand)
 q - a +2 ring of protection (right hand)
Potions
 c - a potion of invisibility
 d - 5 potions of curing
 e - a potion of heal wounds
 f - a potion of speed
 g - 4 potions of magic
 h - a potion of berserk rage
Books
 b - a book of Air

   Spells                             Type                      Level
   *Shock                             Conjuration/Air              1
   *Swiftness                         Charms/Air                   2
   Repel Missiles                     Charms/Air                   2
   Flight                             Charms/Air                   3
   Static Discharge                   Conjuration/Air              3
   Lightning Bolt                     Conjuration/Air              5


   Skills:
 - Level 1.7 Dodging
 - Level 1.5 Stealth
 + Level 4.1 Spellcasting
 + Level 4.0 Conjurations
 + Level 5.8 Air Magic


You had 7 spell levels left.
You knew the following spells:

 Your Spells              Type           Power        Failure   Level  Hunger
a - Shock                 Conj/Air       ###.         2%          1    None
b - Swiftness             Chrm/Air       ##........   10%         2    ##.....


Dungeon Overview and Level Annotations

Branches:
Dungeon (1/1)

Altars:
Ashenzari
Cheibriados
Elyvilon
Fedhas
Kikubaaqudgha
Makhleb
Nemelex Xobeh
Okawaru
Sif Muna
Trog
Vehumet
Xom
Yredelemnul
Zin
the Shining One


Innate Abilities, Weirdness & Mutations

You are immune to all types of fire, even holy and hellish.
You are vulnerable to cold.
You need no food.
You have no legs.
You are immune to negative energy.


Message History

Casting: Shock
Confirm with . or Enter, or press ? or * to list all spells.
Aiming: Shock
Press: ? - help, Shift-Dir - straight line, f/p - hungry ghost
Aim: a hungry ghost (almost destroyed)
The zap hits something.
The zap misses the hungry ghost.
It hits you but does no damage.
Unknown command.
Unknown command.
Casting: Shock
Confirm with . or Enter, or press ? or * to list all spells.
Aiming: Shock
Press: ? - help, Shift-Dir - straight line, f/p - hungry ghost
Aim: a hungry ghost (almost destroyed)
The zap hits the hungry ghost.
The hungry ghost is almost destroyed.
It hits you.
* * * LOW HITPOINT WARNING * * *
It shocks you.
You die...

#.#
#.#
#|#
#)#
#.#
#.#
#[#
#.#
#@#
#'#
#p#
#.#
#.#
#.#
#.#
#.#
#+#


You could see a hungry ghost.

Vanquished Creatures
  An adder (D)
  A giant mite (D)
  An adder zombie (D)
  A giant eyeball (D)
  2 giant geckos (D)
  A bat skeleton (D)
  A bat zombie (D)
  2 goblins (D)
  A hobgoblin (D)
  A goblin zombie (D)
  2 rats (D)
14 creatures vanquished.

Notes
Turn   | Place    | Note
--------------------------------------------------------------
     0 | D        | MDvedh, the Djinni Air Elementalist, began the quest for the Orb.
     0 | D        | Reached XP level 1. HP: 14/14 MP: 0/0
    11 | D        | Reached skill level 4 in Air Magic
    73 | D        | Reached XP level 2. EP: 14/22
    74 | D        | Paralysed by a giant eyeball for 2 turns
    96 | D        | Reached skill level 5 in Air Magic
   157 | D        | Found a shimmering altar of Xom.
   157 | D        | Found a blossoming altar of Fedhas.
   157 | D        | Found a basalt altar of Yredelemnul.
   157 | D        | Found a burning altar of Makhleb.
   157 | D        | Found a shattered altar of Ashenzari.
   157 | D        | Found a glowing golden altar of the Shining One.
   157 | D        | Found a snail-covered altar of Cheibriados.
   158 | D        | Found an ancient bone altar of Kikubaaqudgha.
   159 | D        | Found a bloodstained altar of Trog.
   160 | D        | Found a sparkling altar of Nemelex Xobeh.
   161 | D        | Found an iron altar of Okawaru.
   162 | D        | Found a white marble altar of Elyvilon.
   163 | D        | Found a deep blue altar of Sif Muna.
   164 | D        | Found a radiant altar of Vehumet.
   165 | D        | Found a glowing silver altar of Zin.
   166 | D        | Found a shimmering altar of Xom.
   167 | D        | Found a burning altar of Makhleb.
   173 | D        | Became a worshipper of Vehumet
   209 | D        | Noticed a sky beast
   209 | D        | Noticed a hungry ghost
   214 | D        | Learned a level 2 spell: Swiftness
   238 | D        | Reached XP level 3. EP: 17/28
   239 | D        | Acquired Vehumet's first power
   239 | D        | Offered knowledge of Magic Dart by Vehumet.
   253 | D        | Slain by a sky beast

Action                   || total
-------------------------++-------
Melee: Unarmed           ||     8
 Cast: Shock             ||    27
       Swiftness         ||     1
  Use: Potion            ||     2
